 Dungeon Crawl Stone Soup version 0.15-a0-1766-g0ee8742 (webtiles) character file.

2208140 cosh the Slayer (level 27, 240/240 (241) HPs)
             Began as a Minotaur Fighter on June 28, 2014.
             Was the Champion of Qazlal.
             Escaped with the Orb
             ... and 4 runes!
             The game lasted 04:19:14 (76771 turns).

cosh the Slayer (Minotaur Fighter)                 Turns: 76771, Time: 04:19:14

HP 240/240 (241) AC 44     Str 22      XL: 27
MP  25/25        EV 28     Int  5      God: Qazlal [******]
Gold 956         SH 39     Dex 23      Spells:  0 memorised, 26 levels left

rFire  + . .     SeeInvis .     o - +9 broad axe "Beastslayer" {pain, +Inv}
rCold  + + .     Clarity  .     O - +10 storm dragon armour of Dishonour {rElec Dex+3}
rNeg   . . .     rCorr    .     A - +6 large shield
rPois  +         rRot     .     s - +1 hat
rElec  +         Spirit   .     L - +1 cloak {rPois}
SustAb .         Warding  .     S - +2 pair of gloves {Dex+3}
rMut   +         Stasis   .     l - +2 pair of boots {run}
Gourm  .                        K - amulet of resist mutation
MR     ++...                    P - ring of Ghiqeaf {rC++ Str+1 Int+2 Regen}
                                B - ring of protection from fire

@: very slightly contaminated, hasted, repel missiles, very quick, very
resistant to hostile enchantments, extremely unstealthy
A: retaliatory headbutt, fangs 1, horns 2, blurry vision 1, clumsy 2,
deterioration 1, dopey 1, fast metabolism 1, frail 1, low mp 1, screaming 2,
weak 1, wild magic 1, forlorn
a: Upheaval, Elemental Force, Disaster Area, Renounce Religion, Evoke
Invisibility
0: Orb of Zot
}: 4/15 runes: slimy, silver, abyssal, gossamer


You escaped.
You worshipped Qazlal.
Qazlal was exalted by your worship.
You were not hungry.

You visited 10 branches of the dungeon, and saw 57 of its levels.
You visited the Abyss 1 time.
You visited 2 bazaars.
You also visited: Trove, Ice Cave and Volcano.

You collected 6939 gold pieces.
You spent 5983 gold pieces at shops.

Inventory:

Hand weapons
 o - the +9 broad axe "Beastslayer" (weapon) {pain, +Inv}
   (You acquired it in an ice cave)

   In the hands of one skilled in necromantic magic, it inflicts extra damage on
   living creatures.
   It lets you turn invisible.
 x - the +10 battleaxe of Ugatoxa {chop, rF+ MR+ Str+3}
   (You bought it in a shop on level 4 of the Orcish Mines)

   It inflicts extra damage upon your enemies.
   It affects your strength (+3).
   It protects you from fire.
   It affects your resistance to hostile enchantments.
 N - the +5 war axe "Twui" {freeze, Str+2 Dex+3}
   (You bought it in a shop in a bazaar)

   It has been specially enchanted to freeze those struck by it, causing extra
   injury to most foes and up to double damage against particularly susceptible
   opponents.
   It can also slow down cold-blooded creatures.
   It affects your strength (+2).
   It affects your dexterity (+3).
Armour
 l - a +2 pair of boots of running (worn)
 s - a +1 hat (worn)
 A - a +6 large shield (worn)
 L - a +1 cloak of poison resistance (worn)
 O - the +10 storm dragon armour of Dishonour (worn) {rElec Dex+3}
   (You found it on level 1 of the Vaults)

   It affects your dexterity (+3).
   It insulates you from electricity.
 S - a +2 pair of gloves of dexterity (worn)
Magical devices
 q - a wand of digging (14)
 F - a wand of digging (3)
 G - a wand of teleportation (4)
 H - a wand of digging (11)
 I - a wand of polymorph (9)
 R - a wand of teleportation (2)
 T - a wand of teleportation (4)
 V - a wand of frost (14)
Comestibles
 z - 11 bread rations
 D - 4 meat rations
Scrolls
 a - 6 scrolls of fear
 d - 2 scrolls of amnesia
 e - a scroll of brand weapon
 f - 21 scrolls of teleportation
 j - 15 scrolls of remove curse
 m - 31 scrolls of identify
 p - 5 scrolls of recharging
 r - 9 scrolls of enchant weapon
 y - 5 scrolls of blinking
 C - 4 scrolls of silence
 E - 2 scrolls of magic mapping
 Q - 2 scrolls of summoning
 X - 2 scrolls of vulnerability
Jewellery
 B - a ring of protection from fire (left hand)
 K - an amulet of resist mutation (around neck)
 P - the ring of Ghiqeaf (right hand) {rC++ Str+1 Int+2 Regen}
   (You found it in a treasure trove)

   [ring of regeneration]

   It affects your strength (+1).
   It affects your intelligence (+2).
   It greatly protects you from cold.
   It increases your rate of regeneration.
Potions
 b - a potion of might
 c - a potion of invisibility
 g - 5 potions of haste
 i - a potion of heal wounds
 k - a potion of magic
 n - 13 potions of curing
 u - 7 potions of restore abilities
 w - a potion of berserk rage
 J - a potion of flight {unknown}
 U - 2 potions of brilliance
 W - 4 potions of resistance
 Y - 4 potions of agility


   Skills:
 + Level 25.8 Fighting
 + Level 24.8 Axes
 + Level 25.5 Armour
 + Level 20.9 Dodging
 + Level 23.5 Shields
 - Level 7.0 Invocations


You had 26 spell levels left.
You didn't know any spells.

Dungeon Overview and Level Annotations

Branches:
Dungeon (15/15)            Temple (1/1) D:5             Orc (4/4) D:9
    Elf (3/3) Orc:4          Lair (8/8) D:9          Shoals (0/5) Lair:6
 Spider (5/5) Lair:5        Slime (6/6) Lair:6       Vaults (5/5) D:13
  Crypt (0/3) Vaults:3        Zot (5/5) Depths:5     Depths (5/5) D:15

Altars:
Ashenzari
Cheibriados
Dithmenos
Elyvilon
Fedhas
Gozag
Kikubaaqudgha
Makhleb
Nemelex Xobeh
Okawaru
Qazlal
Sif Muna
Trog
Vehumet
Xom
Yredelemnul
Zin
The Shining One
Beogh

Shops:
D:5 (   D:11 (*   D:13 [   D:14 %   D:15 :   Orc:4 =(*[   Elf:1 %*(   Elf:2 !!
Elf:3 ?   Vaults:1 [==   Vaults:5 :

Portals:
Hell: Depths:1 Depths:2 Depths:3 Depths:4 Depths:5
Abyss: Depths:2 Depths:4
Pandemonium: Depths:3
Ziggurat: Depths:2

Annotations:
D:4 cosh's ghost, experienced MiFi
Lair:2 exclusion: oklob plant
Lair:7 exclusion: oklob plant
Spider:2 exclusions: orb spider and 3 more exclusions
Slime:4 Dissolution
Depths:3 exclusion: 2 ice statues


Innate Abilities, Weirdness & Mutations

You reflexively headbutt those who attack you in melee.
You have a pair of horns on your head.
You have very sharp teeth.
Your vision is a little blurry.
You are very clumsy. (Dex -4)
Your body is slowly deteriorating.
You are dopey. (Int -2)
You have a fast metabolism.
You are frail (-10% HP).
Your magical capacity is low (-10% MP).
You sometimes yell uncontrollably at your foes.
You are weak. (Str -2)
Your spells are a little harder to cast, but a little more powerful.
You have difficulty communicating with the divine.


Message History

The plant is engulfed in freezing vapours.
There is an escape hatch in the ceiling here.
A mysterious force pulls you upwards. The hatch slams shut behind you.
You sense a powerful magical force warping space.
Drink which item? (? for menu, Esc to quit)
You feel yourself speed up.
You see here 22 arrows.
You see here 12 stones.
A soul eater comes into view.
Evoke which item? (* to show all) (? for menu, Esc to quit)
Zapping:
q - a wand of digging {zapped: 4}
Press: ? - help, Shift-Dir - straight line The rock shatters into small pieces.
Evoke which item? (* to show all) (? for menu, Esc to quit)
Zapping:
F - a wand of digging {zapped: 4}
Press: ? - help, Shift-Dir - straight line The rock shatters into small pieces.
A goblin comes into view. It is wielding a club.
There is a staircase leading out of the dungeon here.
You have escaped!

#.........###..#
#### #.........#
#..# #...
#..#####..# #..#
#... #..# #..###..#
#... #..# #.......#
#... #..#
#.......###########
#..#
#...g..§...........
#..#
#..§##g.##########.
#..#####.@§##..# #.
#.......§§§....# #.
#.......§......# #.
#..........§...# ##
################


You could see a goblin.

Vanquished Creatures
  the royal jelly (Slime:6)
  8 orbs of fire
  3 ancient liches
  Saint Roka (Depths:3)
  Norris (Vaults:2)
  3 Killer Klowns
  Mara (Vaults:3)
  Mennas (Vaults:3)
  5 golden dragons
  Jory (Vaults:4)
  Frederick (Vaults:3)
  2 electric golems (Zot:5)
  the Enchantress (Depths:1)
  Nikola (Elf:2)
  2 bone dragons
  The ghost of Sapz the Ninja, a legendary NaAs of Dithmenos (Zot:1)
  14 tentacled monstrosities
  23 Orb Guardians
  An Ice Fiend (Zot:5)
  3 liches
  2 deep elf blademasters (Elf:3)
  4 titans
  The ghost of Vidiiot the Unseen, a mighty VSCj of Ashenzari (Zot:1)
  29 acid blobs
  2 deep elf master archers (Elf:3)
  9 tentacled starspawn (Abyss:1)
  5 sphinxes
  19 storm dragons
  Frances (D:15)
  4 shadow dragons
  5 tengu reavers
  A revenant (Abyss:1)
  7 fire giants
  A draconian monk (Zot:1)
  16 azure jellies
  2 iron dragons
  Wiglaf (Vaults:3)
  A draconian scorcher (Zot:5)
  Maud (Elf:1)
  24 vault wardens
  A draconian knight (Zot:5)
  Aizul (Vaults:1)
  3 deep elf sorcerers (Elf:3)
  An orc warlord (Orc:3)
  9 frost giants
  A cacodemon (Abyss:1)
  2 draconian zealots
  An angel (Abyss:1)
  3 balrugs
  8 emperor scorpions
  3 spriggan defenders (Depths:1)
  5 ghost moths
  Jorgrun (Vaults:1)
  23 stone giants
  A blood saint (D:10)
  5 draconian annihilators
  A draconian shifter (Depths:5)
  4 war gargoyles
  2 draconian callers
  72 slime creatures
  3 grey draconians
  10 deep elf demonologists
  9 deep elf annihilators
  6 rakshasas
  5 yellow draconians
  5 green draconians
  3 dire elephants
  A black draconian (shapeshifter) (Depths:4)
  2 vampire knights
  3 white draconians
  5 pale draconians
  5 purple draconians
  5 black draconians
  4 red draconians
  A blizzard demon (D:10)
  7 mottled draconians
  39 vault guards
  The ghost of statue the Carver, a powerful MiGl of Cheibriados (D:13)
  A merfolk impaler (Depths:1)
  9 deep elf death magi
  11 crystal guardians
  7 ettins
  6 death oozes
  13 fire dragons
  A minotaur (shapeshifter) (Depths:3)
  17 ironheart preservers
  A quicksilver dragon zombie (Depths:1)
  3 spriggan air magi
  9 death cobs
  Fannar (Orc:3)
  14 great orbs of eyes
  5 deep elf high priests
  8 hydras
  The ghost of Turgon the Spear-Bearer, a powerful DgFi (Lair:3)
  A fire dragon (shapeshifter) (Depths:3)
  13 ice dragons
  10 ravenous item mimics
  A monstrous demonspawn (D:10)
  An ice dragon (shapeshifter) (Vaults:3)
  15 ogre magi
  11 yaktaur captains
  2 deep troll earth magi
  3 ravenous feature mimics
  A vampire mage (Depths:2)
  14 death yaks
  13 dancing weapons
  20 large abominations
  5 tengu warriors
  5 deep troll shamans
  4 thrashing horrors (Abyss:1)
  4 spriggan berserkers
  A fire crab (shapeshifter) (Vaults:5)
  8 centaur warriors
  4 orc high priests (Orc:4)
  A catoblepas (Depths:1)
  7 very ugly things
  An iron golem (Depths:3)
  8 wretched stars (Abyss:1)
  11 hell knights
  8 sun demons
  2 spatial maelstroms
  3 ice devils
  5 skeletal warriors (Vaults:2)
  A shadow wraith (Vaults:3)
  23 orb spiders
  A fire crab (Volcano)
  3 giant orange brains
  3 iron trolls
  23 deep elf knights
  3 wizards
  An orb spider (shapeshifter) (D:15)
  A storm dragon skeleton (Abyss:1)
  2 unseen horrors (D:11)
  5 flayed ghosts
  12 hill giants
  An ice statue (IceCv)
  A death drake (shapeshifter) (Depths:3)
  A harpy (Vaults:4)
  15 deep elf summoners
  A silver statue (Depths:3)
  16 ironbrand convokers
  An anaconda skeleton (Abyss:1)
  A hellion (Zot:1)
  7 griffons
  29 wolf spiders
  2 red wasps (shapeshifter)
  12 deep elf conjurers
  8 deep trolls
  5 orc sorcerers
  9 orc knights
  2 phantasmal warriors
  6 necromancers
  5 red wasps
  A glowing shapeshifter (Depths:3)
  2 salamanders (Depths:4)
  A shining eye (shapeshifter) (Depths:3)
  3 sixfirhies
  5 cyclopes
  3 manticores
  2 shining eyes
  A guardian serpent (Abyss:1)
  10 moths of wrath
  A spectral ettin (Depths:3)
  An octopode (shapeshifter) (Vaults:3)
  A faun (shapeshifter) (Depths:3)
  5 elephants
  A naga mage (D:15)
  Maurice (Orc:1)
  2 stone giant skeletons
  A molten gargoyle (Depths:3)
  21 spiny frogs
  A torpor snail (shapeshifter) (Depths:3)
  2 orange demons
  5 eyes of devastation
  2 drowned souls (Abyss:3)
  4 gargoyles
  4 black mambas
  3 torpor snails
  20 vault sentinels
  8 smoke demons
  57 yaktaurs
  A kobold demonologist (Vaults:1)
  7 fire drakes
  13 komodo dragons
  A fire drake (shapeshifter) (Depths:3)
  6 red devils
  17 deep elf priests
  An efreet (D:15)
  3 ancient zymes (Abyss:1)
  A komodo dragon (shapeshifter) (Depths:3)
  7 demonic crawlers
  A silent spectre (Vaults:3)
  3 tengu conjurers
  4 trolls
  14 human zombies
  2 hellwings
  8 freezing wraiths
  16 polar bears (IceCv)
  29 blink frogs
  A yaktaur skeleton (Depths:1)
  15 small abominations
  A blue devil (Depths:3)
  28 jumping spiders
  A polar bear (shapeshifter) (D:12)
  7 wind drakes
  Sonja (D:15)
  4 giant leeches (Lair:8)
  A slime creature (shapeshifter) (Depths:3)
  A queen bee (shapeshifter) (Depths:3)
  A raven (shapeshifter) (Depths:3)
  22 two-headed ogres
  A jumping spider (shapeshifter) (Depths:3)
  13 ravens
  11 boulder beetles
  5 fire vortices (Depths:3)
  A stone giant simulacrum (Vaults:2)
  A fire giant simulacrum (Depths:2)
  9 raiju
  36 deep elf magi
  10 flying skulls
  2 shadows
  2 baby alligators (shapeshifter)
  A trapdoor spider (shapeshifter) (Depths:3)
  2 basilisks
  A blink frog (shapeshifter) (Depths:3)
  22 trapdoor spiders
  5 sharks
  2 wraiths
  4 ynoxinuls
  6 air elementals (Depths:3)
  66 yaks
  A deep troll skeleton (Depths:1)
  73 redbacks
  41 ugly things
  7 water elementals
  5 fire bats (Volcano)
  5 fire elementals (Depths:3)
  3 wyverns
  A human (shapeshifter) (Depths:1)
  25 tarantellas
  6 golden eyes (Slime:5)
  7 chaos spawn
  5 neqoxecs
  A wyvern (shapeshifter) (D:11)
  5 hippogriffs
  7 vampires (Depths:2)
  41 deep elf fighters
  6 spriggans
  A soldier ant (shapeshifter) (Depths:5)
  38 vampire mosquitoes
  A deep troll zombie (D:15)
  A soldier ant (D:14)
  3 hell hounds (Abyss:1)
  10 porcupines
  5 wargs
  31 wolves
  A swamp drake (shapeshifter) (Depths:5)
  16 ice beasts
  22 water moccasins
  48 orc warriors
  8 mottled dragons
  30 spiders
  A dwarf (shapeshifter) (Depths:3)
  51 ogres
  5 yellow wasps
  A swamp drake (Zot:2)
  10 boggarts
  3 sky beasts
  3 black bears
  10 centaurs
  A boring beetle (Spider:4)
  4 phantoms
  A tengu (shapeshifter) (Depths:3)
  13 crocodiles
  A manticore skeleton (D:7)
  2 vampire mosquito zombies (Vaults:3)
  3 brain worms
  31 giant frogs
  3 big kobolds
  2 insubstantial wisps (Depths:3)
  10 earth elementals
  A human skeleton (Vaults:3)
  13 scorpions
  12 killer bees
  A warg skeleton (Orc:4)
  7 electric eels
  9 eyes of draining
  9 wights
  A goliath beetle (shapeshifter) (Depths:3)
  A troll skeleton (D:13)
  A giant frog zombie (D:7)
  30 jellies
  8 crimson imps
  8 hounds
  34 orc priests
  A centaur zombie (D:5)
  3 giant frog skeletons
  14 starcursed masses (Abyss:1)
  9 quasits
  9 worker ants
  Crazy Yiuf (D:5)
  6 two-headed ogre zombies (Orc:2)
  2 iron imps (Abyss:1)
  9 iguanas
  10 orange rats
  A gnoll shaman (D:6)
  40 orc wizards
  2 big fish (Lair:7)
  10 sheep
  A worker ant zombie (D:8)
  21 adders
  8 gnolls
  24 green rats
  9 orc zombies
  A scorpion zombie (D:7)
  3 giant mites
  6 shadow imps
  A worm (D:2)
  5 white imps
  12 ufetubi
  10 orc skeletons
  8 giant geckos
  202 orcs
  2 ball pythons
  A bat skeleton (D:4)
  22 goblins
  22 hobgoblins
  7 jackals
  11 quokkas
  20 bats
  8 giant cockroaches
  5 giant newts
  A giant spore (D:10)
  A goblin zombie (D:5)
  A jackal skeleton (D:5)
  23 kobolds
  A kobold zombie (D:7)
  2 quokka skeletons
  13 rats
  A ballistomycete (D:10)
  A bush (Lair:3)
  A butterfly (Lair:3)
  8 crawling corpses
  49 fungi
  35 plants
  18 starspawn tentacles (Abyss:1)
  A starspawn tentacle segment (Abyss:1)
2970 creatures vanquished.

Vanquished Creatures (others)
  An ancient lich (Zot:5)
  2 draconian scorchers (Zot:5)
  A ghost moth (Zot:3)
  A spriggan air mage (Depths:1)
  9 ball lightnings (Depths:3)
  A swamp dragon (shapeshifter) (Depths:3)
  2 orb spiders (Spider:2)
  A spiny frog (Lair:6)
  An ancient zyme (Abyss:1)
  A wind drake (Depths:3)
  A slime creature (Vaults:2)
  A vampire (Depths:2)
  An air elemental (Depths:3)
  A neqoxec (D:6)
  A small abomination (Abyss:1)
  2 boggarts
  3 lost souls
  A jelly (Slime:5)
  4 ufetubi
  A bush (Lair:3)
  A crawling corpse (Vaults:5)
  17 fungi
  8 plants
  25 starspawn tentacles
  145 starspawn tentacle segments
232 creatures vanquished.

Grand Total: 3202 creatures vanquished

Notes
Turn   | Place    | Note
--------------------------------------------------------------
     0 | D:1      | cosh, the Minotaur Fighter, began the quest for the Orb.
     0 | D:1      | Reached XP level 1. HP: 19/19 MP: 1/1
    92 | D:1      | Reached XP level 2. HP: 24/27 MP: 1/1
   164 | D:1      | Reached skill level 4 in Shields
   576 | D:2      | Reached XP level 3. HP: 12/33 MP: 2/2
  1537 | D:3      | Reached XP level 4. HP: 40/40 MP: 2/2
  1855 | D:3      | Reached XP level 5. HP: 45/47 MP: 2/2
  2080 | D:4      | Reached skill level 5 in Shields
  2233 | D:4      | Reached skill level 5 in Armour
  2233 | D:4      | Reached XP level 6. HP: 31/55 MP: 3/3
  2418 | D:4      | Noticed a phantom
  2442 | D:4      | Killed a phantom
  2442 | D:4      | Reached skill level 5 in Fighting
  2493 | D:4      | Reached skill level 5 in Axes
  2542 | D:4      | Noticed cosh's ghost (experienced MiFi)
  4043 | D:4      | Reached XP level 7. HP: 37/61 MP: 3/3
  4143 | D:4      | Reached skill level 6 in Shields
  4591 | D:5      | Entered Level 5 of the Dungeon
  4718 | D:5      | Found a staircase to the Ecumenical Temple.
  4751 | D:5      | Found a bloodstained altar of Trog.
  5303 | D:5      | Found Mniphoum's Weapon Shop.
  5311 | D:5      | Reached XP level 8. HP: 68/71 MP: 3/3
  5334 | D:5      | Noticed Crazy Yiuf
  5340 | D:5      | Killed Crazy Yiuf
  5555 | D:5      | Reached skill level 7 in Shields
  5871 | Temple   | Entered the Ecumenical Temple
  6014 | Temple   | Became a worshipper of Qazlal Stormbringer
  6871 | D:6      | Reached skill level 8 in Shields
  7225 | D:7      | Acquired Qazlal's first power
  7537 | D:7      | Reached XP level 9. HP: 33/81 MP: 4/4
  8163 | D:7      | Acquired Qazlal's second power
  8622 | D:8      | Reached skill level 9 in Shields
  9055 | D:8      | Noticed a gargoyle
  9065 | D:8      | Killed a gargoyle
  9559 | D:9      | Found a staircase to the Lair.
  9575 | D:9      | Found a staircase to the Orcish Mines.
  9997 | D:9      | Reached skill level 10 in Fighting
 10160 | Lair:1   | Entered Level 1 of the Lair of Beasts
 10198 | Lair:1   | Reached skill level 10 in Shields
 10281 | Lair:1   | Reached skill level 10 in Armour
 10285 | Lair:1   | Acquired Qazlal's third power
 10285 | Lair:1   | Reached XP level 10. HP: 71/93 MP: 4/4
 10614 | Lair:1   | Noticed a spiny frog
 10623 | Lair:1   | Killed a spiny frog
 10648 | Lair:1   | Got a warped hand axe
 10649 | Lair:1   | Identified the +7 hand axe of Bloody Death {antimagic, rPois} (You found it on level 1 of the Lair of Beasts)
 11305 | Lair:2   | Reached skill level 11 in Fighting
 11325 | Lair:2   | Found a glowing silver altar of Zin.
 11326 | Lair:2   | Noticed an oklob plant
 11856 | Lair:3   | Reached XP level 11. HP: 49/102 MP: 1/4
 12539 | Lair:3   | Noticed a seven-headed hydra
 12748 | Lair:3   | Noticed Turgon's ghost (powerful DgFi)
 14023 | Lair:3   | Killed Turgon's ghost
 14023 | Lair:3   | Reached skill level 12 in Fighting
 15273 | Lair:4   | Noticed a seven-headed hydra
 15993 | Lair:5   | Found a hole to the Spider Nest.
 16619 | Lair:5   | Noticed a death yak
 16619 | Lair:5   | Noticed a death yak
 16620 | Lair:5   | Noticed a death yak
 16621 | Lair:5   | Noticed a death yak
 16721 | Lair:4   | Reached skill level 10 in Axes
 16721 | Lair:4   | Reached XP level 12. HP: 90/113 MP: 1/5
 16926 | Lair:4   | Noticed a six-headed hydra
 17992 | Lair:6   | Reached skill level 13 in Fighting
 18172 | Lair:6   | Found a staircase to the Slime Pits.
 18866 | Lair:6   | Found a staircase to the Shoals.
 19414 | Lair:6   | Gained mutation: You tend to lose your temper in combat. [potion of mutation]
 19415 | Lair:6   | Lost mutation: You tend to lose your temper in combat. [potion of cure mutation]
 19417 | Lair:6   | Reached XP level 13. HP: 122/122 MP: 1/5
 19739 | Lair:7   | Acquired Qazlal's fourth power
 20328 | Lair:7   | Killed a death yak
 20694 | Lair:7   | HP: 3/123 [spiny frog (12)]
 21327 | Lair:7   | Found a blossoming altar of Fedhas.
 21707 | Lair:8   | Entered Level 8 of the Lair of Beasts
 21791 | Lair:8   | Found a dark tunnel.
 21797 | Volcano  | Entered a volcano
 22049 | Volcano  | Reached skill level 14 in Fighting
 22329 | Lair:8   | Reached XP level 14. HP: 132/132 MP: 1/5
 22380 | Lair:8   | Acquired Qazlal's fifth power
 24471 | Lair:8   | Got a fine chain mail
 24511 | Lair:8   | Identified the +8 chain mail of the Old World {Str+2 Int+5} (You found it on level 8 of the Lair of Beasts)
 24853 | Lair:4   | Killed a death yak
 24857 | Lair:4   | Killed a death yak
 24891 | Lair:4   | Killed a death yak
 25012 | Orc:1    | Entered Level 1 of the Orcish Mines
 25282 | Orc:1    | Noticed Maurice
 25290 | Orc:1    | Killed Maurice
 25378 | Orc:2    | Found a roughly hewn altar of Beogh.
 25388 | Orc:2    | Reached skill level 15 in Shields
 25417 | Orc:2    | Found a frozen archway.
 25473 | IceCv    | Entered an ice cave
 25501 | IceCv    | Reached skill level 15 in Fighting
 25827 | IceCv    | Identified 2 scrolls of acquirement
 25837 | IceCv    | Got a warped broad axe
 25840 | IceCv    | Identified the +9 broad axe "Beastslayer" {pain, +Inv} (You acquired it in an ice cave)
 25899 | IceCv    | Reached skill level 15 in Armour
 25980 | IceCv    | Reached XP level 15. HP: 135/141 MP: 6/6
 25996 | IceCv    | Noticed a frost giant
 26008 | IceCv    | Killed a frost giant
 26036 | IceCv    | Got a pitted leather armour
 26049 | IceCv    | Identified the cursed -5 leather armour of Shadows and Fog {Dex+3} (You found it in an ice cave)
 26757 | Orc:3    | Found a bloodstained altar of Trog.
 26845 | Orc:3    | Noticed Fannar
 26853 | Orc:3    | Killed Fannar
 27191 | Lair:1   | Identified a +2 pair of boots of running (You acquired it on level 1 of the Lair of Beasts)
 27665 | Orc:4    | Entered Level 4 of the Orcish Mines
 28877 | Orc:4    | Found a staircase to the Elven Halls.
 28934 | Orc:4    | Found a white marble altar of Elyvilon.
 29288 | Orc:4    | Found Karyawn's General Store.
 29289 | Orc:4    | Found Klimam's Jewellery Shop.
 29290 | Orc:4    | Found Raliag's Antique Armour Boutique.
 29290 | Orc:4    | Found Poceig's Antique Weapon Boutique.
 29421 | Orc:4    | Bought a fine scale mail for 261 gold pieces
 29421 | Orc:4    | Bought a dazzling chain mail for 275 gold pieces
 29423 | Orc:4    | Bought a twisted battleaxe for 241 gold pieces
 29450 | Orc:4    | Identified the +2 scale mail of Ethics {+Inv rF+} (You bought it in a shop on level 4 of the Orcish Mines)
 29465 | Orc:4    | Identified the +1 chain mail of the Country {Int+4} (You bought it in a shop on level 4 of the Orcish Mines)
 29485 | Orc:4    | Bought the ring "Zyalaa Shrupo" {rPois Str+3 Dex+3} for 554 gold pieces
 29773 | Spider:1 | Entered Level 1 of the Spider Nest
 29794 | Spider:1 | Reached skill level 16 in Shields
 29807 | Spider:1 | Got an iridescent scimitar
 29814 | Lair:5   | Identified the +11 scimitar of the Tundras {flame, Noisy MR+} (You found it on level 1 of the Spider Nest)
 31696 | Spider:3 | Reached XP level 16. HP: 152/152 MP: 6/6
 32527 | Spider:4 | Reached skill level 15 in Axes
 33202 | Spider:4 | Reached skill level 17 in Fighting
 33615 | Spider:5 | Entered Level 5 of the Spider Nest
 34248 | Lair:4   | Killed a 13-headed hydra
 34341 | Lair:2   | Killed a ten-headed hydra
 34643 | Temple   | Received a gift from Qazlal (rElec)
 34930 | Lair:4   | Killed a 11-headed hydra
 35626 | Spider:4 | Identified the +10 battleaxe of Ugatoxa {chop, rF+ MR+ Str+3} (You bought it in a shop on level 4 of the Orcish Mines)
 36909 | Spider:5 | Got a gossamer rune of Zot
 37300 | Elf:1    | Entered Level 1 of the Elven Halls
 37319 | Elf:1    | Reached XP level 17. HP: 134/163 MP: 6/6
 37329 | Elf:1    | Found Potusybb's General Store.
 37515 | Elf:1    | Noticed Maud
 37523 | Elf:1    | Killed Maud
 37640 | Elf:1    | Found Pnoq's Antique Weapon Boutique.
 37669 | Elf:1    | Found Psasoi's Food Shoppe.
 37672 | Elf:1    | Bought a meat ration for 65 gold pieces
 37672 | Elf:1    | Bought a meat ration for 65 gold pieces
 38611 | Elf:2    | Found a flickering gateway to a bazaar.
 38613 | Elf:2    | Noticed Nikola
 38628 | Elf:2    | Killed Nikola
 38628 | Elf:2    | Reached skill level 18 in Fighting
 38633 | Bazaar   | Entered a bazaar
 38633 | Bazaar   | Found Pefeudag's Antique Armour Boutique.
 38637 | Bazaar   | Found Xetafeqe's Gadget Shoppe.
 38641 | Bazaar   | Found Janemoo's General Store.
 38676 | Bazaar   | Found Muanutew's Antique Weapon Boutique.
 38702 | Bazaar   | Found Kleipoah's Distillery.
 38714 | Bazaar   | Bought a potion of resistance for 63 gold pieces
 38714 | Bazaar   | Bought a potion of heal wounds for 27 gold pieces
 38714 | Bazaar   | Bought a potion of berserk rage for 27 gold pieces
 38714 | Bazaar   | Bought a potion of restore abilities for 27 gold pieces
 38768 | Bazaar   | Bought a potion of curing for 18 gold pieces
 38768 | Bazaar   | Bought a potion of agility for 22 gold pieces
 38768 | Bazaar   | Bought a potion of curing for 18 gold pieces
 38768 | Bazaar   | Bought a potion of haste for 63 gold pieces
 39264 | Elf:2    | Got an ancient plate armour
 39295 | Elf:2    | Identified the cursed -2 plate armour of the Barracuda {rF+} (You found it on level 2 of the Elven Halls)
 39457 | Elf:2    | Found Ippun's Distillery.
 39466 | Elf:2    | Bought a potion of heal wounds for 51 gold pieces
 39466 | Elf:2    | Bought a potion of heal wounds for 51 gold pieces
 39578 | Elf:2    | Found Pemo Be Sic's Distillery.
 39602 | Elf:2    | Bought a potion of heal wounds for 57 gold pieces
 39602 | Elf:2    | Bought a potion of restore abilities for 57 gold pieces
 39602 | Elf:2    | Bought a potion of berserk rage for 57 gold pieces
 39784 | Elf:2    | Reached skill level 10 in Dodging
 40003 | Elf:3    | Entered Level 3 of the Elven Halls
 41253 | Elf:3    | Reached XP level 18. HP: 101/173 MP: 7/7
 41513 | Elf:3    | Identified the Compendium of Stolen Souls and Augmentations
 41517 | Elf:3    | Noticed a Hell Sentinel
 41830 | Elf:3    | Identified the Grimoire of Stones
 41956 | Elf:3    | Found Gant's Magic Scroll Shop.
 41997 | Elf:3    | Got a jewelled plate armour
 42017 | Elf:3    | Identified the +2 plate armour of the Countless Runes {+Blink +Inv} (You acquired it on level 3 of the Elven Halls)
 42043 | Elf:3    | Bought a scroll of acquirement for 1092 gold pieces
 42054 | Elf:3    | Got a pair of ancient gloves
 42058 | Elf:3    | Identified the -5 pair of gloves of Zaoceb {Str+3 Int+5} (You acquired it on level 3 of the Elven Halls)
 42257 | Elf:1    | Got a jewelled hand axe
 42258 | Elf:1    | Identified the +5 hand axe of Xom's Favour {distort, Contam Str+3 Dex+3} (You found it on level 1 of the Elven Halls)
 42294 | Elf:1    | Gained mutation: Your spells are a little easier to cast, but a little less powerful. [mutagenic glow]
 43068 | D:9      | Found a shattered altar of Ashenzari.
 43075 | D:9      | Found a basalt altar of Yredelemnul.
 43082 | D:9      | Found a deep blue altar of Sif Muna.
 43087 | D:9      | Found a glowing golden altar of the Shining One.
 43094 | D:9      | Found a blossoming altar of Fedhas.
 43099 | D:9      | Found an opulent altar of Gozag.
 43110 | D:9      | Found a sparkling altar of Nemelex Xobeh.
 43175 | D:10     | Entered Level 10 of the Dungeon
 43631 | D:11     | Found Aneubb's General Store.
 43666 | D:11     | Bought a potion of heal wounds for 36 gold pieces
 43666 | D:11     | Bought a scroll of teleportation for 36 gold pieces
 43924 | D:11     | Found Ter Teah's Antique Weapon Shop.
 44065 | D:11     | Reached skill level 19 in Fighting
 45625 | D:13     | Noticed statue's ghost (powerful MiGl)
 45635 | D:13     | Killed statue's ghost
 45744 | D:13     | Found an ancient bone altar of Kikubaaqudgha.
 45837 | D:13     | Found Lojoppoi's Antique Armour Emporium.
 45840 | D:13     | Bought a glowing shield for 139 gold pieces
 45840 | D:13     | Bought a runed large shield for 139 gold pieces
 46066 | D:13     | Found a gate to the Vaults.
 46106 | Vaults:1 | Entered Level 1 of the Vaults
 46109 | Vaults:1 | Noticed Jorgrun
 46116 | Vaults:1 | Killed Jorgrun
 46397 | Vaults:1 | Found Shuaqyesy's Jewellery Emporium.
 46592 | Vaults:1 | Noticed Aizul
 46601 | Vaults:1 | Killed Aizul
 46866 | Vaults:1 | Found Footoyw's Jewellery Emporium.
 47286 | Vaults:1 | Found Shifrexza's Armour Shoppe.
 47567 | Vaults:2 | Found a glowing silver altar of Zin.
 47661 | Vaults:2 | Noticed Norris
 47673 | Vaults:2 | Reached XP level 19. HP: 175/184 MP: 7/7
 47699 | Vaults:2 | Killed Norris
 48239 | Vaults:2 | Reached skill level 20 in Fighting
 49108 | Vaults:1 | Got a slimy storm dragon armour
 49128 | Vaults:1 | Identified the +10 storm dragon armour of Dishonour {rElec Dex+3} (You found it on level 1 of the Vaults)
 49376 | Vaults:3 | Found a staircase to the Crypt.
 49598 | Vaults:3 | Noticed Mennas
 49617 | Vaults:3 | Killed Mennas
 49712 | Vaults:3 | Noticed Frederick
 49731 | Vaults:3 | Killed Frederick
 49793 | Vaults:3 | Noticed Mara
 49796 | Vaults:3 | Noticed cosh's illusion
 49815 | Vaults:3 | Killed Mara
 50453 | Vaults:3 | Reached XP level 20. HP: 141/195 MP: 7/7
 50780 | Vaults:3 | Noticed Wiglaf
 50784 | Vaults:3 | Killed Wiglaf
 51404 | Vaults:4 | Noticed Jory
 51418 | Vaults:4 | Killed Jory
 51853 | Vaults:4 | Reached skill level 21 in Fighting
 52374 | Vaults:5 | Entered Level 5 of the Vaults
 52403 | Vaults:4 | Reached skill level 1 in Invocations
 52543 | Vaults:5 | Noticed an ancient lich
 53102 | Vaults:4 | Reached skill level 15 in Dodging
 53117 | Vaults:4 | Killed an ancient lich
 53289 | Vaults:4 | Reached XP level 21. HP: 110/205 MP: 18/20
 53875 | Vaults:5 | Reached skill level 5 in Invocations
 54057 | Vaults:5 | Got a silver rune of Zot
 55279 | Vaults:5 | Reached skill level 22 in Fighting
 55577 | Vaults:5 | Found Kanevuok's Book Boutique.
 56196 | Vaults:5 | Got an encrusted chain mail
 56216 | Vaults:5 | Identified the cursed +8 chain mail "Laytotog" {Str-3 Int+4} (You found it on level 5 of the Vaults)
 56607 | D:11     | Got a blackened war axe
 56609 | D:11     | Identified the +1 war axe of Might {speed, rElec rPois MR+ SInv} (You took it off an orc warrior on level 11 of the Dungeon)
 56921 | Slime:1  | Entered Level 1 of the Pits of Slime
 57255 | Orc:4    | Bought an uncursed amulet of resist corrosion for 280 gold pieces
 57583 | Slime:1  | Reached XP level 22. HP: 211/215 MP: 17/25
 58853 | Slime:6  | Entered Level 6 of the Pits of Slime
 59044 | Slime:6  | Noticed the royal jelly
 59055 | Slime:6  | Killed the royal jelly
 59345 | Slime:6  | Gained mutation: You are dopey. (Int -2) [a shining eye]
 59694 | Slime:6  | Identified the Grimoire of Heat and Transformation (You found it on level 6 of the Pits of Slime)
 59746 | Slime:6  | Got a slimy rune of Zot
 59751 | Slime:6  | Got an ichor-stained battleaxe
 59794 | Slime:6  | Identified the +3 battleaxe of Gallantry {chop, rF+} (You found it on level 6 of the Pits of Slime)
 59986 | Slime:6  | Got a dazzling storm dragon armour
 60008 | Slime:6  | Identified the +4 storm dragon armour "Meater" {rElec Str+2 Dex+2} (You found it on level 6 of the Pits of Slime)
 60169 | Slime:4  | Noticed Dissolution
 60806 | Elf:2    | Bought a potion of cure mutation for 595 gold pieces
 60807 | Elf:2    | Lost mutation: Your spells are a little easier to cast, but a little less powerful. [potion of cure mutation]
 60807 | Elf:2    | Lost mutation: You are dopey. (Int -2) [potion of cure mutation]
 61419 | D:14     | Found Loxzifim's Food Boutique.
 61449 | D:14     | Found a bloodstained altar of Trog.
 61676 | D:15     | Entered Level 15 of the Dungeon
 61687 | D:15     | Noticed Frances
 61702 | D:15     | Killed Frances
 61819 | D:15     | Found Shuczyel's Book Shoppe.
 62034 | D:15     | Noticed Sonja
 62043 | D:15     | Cast into the Abyss (Sonja)
 62108 | Abyss:1  | Gained mutation: You are weak. (Str -2) [a cacodemon]
 62111 | Abyss:1  | Gained mutation: You are frail (-10% HP). [a cacodemon]
 62138 | Abyss:1  | Paralysed by accursed screaming for 1 turns
 62317 | Abyss:1  | Reached XP level 23. HP: 191/202 MP: 26/26
 62665 | Abyss:1  | Reached skill level 23 in Fighting
 63053 | Abyss:1  | Lost intelligence.
 63059 | Abyss:1  | Gained mutation: Your vision is a little blurry. [a neqoxec]
 63093 | Abyss:1  | Found a corrupted altar of Lugonu.
 63206 | Abyss:1  | Paralysed by accursed screaming for 1 turns
 63240 | Abyss:1  | Paralysed by accursed screaming for 2 turns
 63252 | Abyss:1  | Paralysed by accursed screaming for 2 turns
 63625 | Abyss:2  | Gained mutation: Your spells are a little harder to cast, but a little more powerful. [potion of beneficial mutation]
 63727 | Abyss:3  | Got an abyssal rune of Zot
 63759 | D:15     | Escaped the Abyss
 63763 | D:15     | Killed Sonja
 63995 | D:15     | Found a staircase to the Depths.
 64013 | Depths:1 | Entered Level 1 of the Depths
 64024 | Depths:1 | Found a portal to a secret trove of treasure.
 64143 | Depths:1 | Found a flickering gateway to a bazaar.
 64146 | Bazaar   | Entered a bazaar
 64159 | Bazaar   | Found Emisu's Antique Weapon Emporium.
 64170 | Bazaar   | Found Roytay's Antique Weapon Shoppe.
 64185 | Bazaar   | Found Yciejuic's Antique Armour Shoppe.
 64196 | Bazaar   | Found Sausuor's Antique Armour Emporium.
 64227 | Bazaar   | Bought an ebony war axe for 238 gold pieces
 64238 | Bazaar   | Bought a polished war axe for 229 gold pieces
 64240 | Bazaar   | Identified the +5 war axe "Twui" {freeze, Str+2 Dex+3} (You bought it in a shop in a bazaar)
 64243 | Bazaar   | Identified the +2 war axe of Action {chop, rN+ Str+1} (You bought it in a shop in a bazaar)
 64261 | Bazaar   | Bought an embroidered cloak for 63 gold pieces
 64281 | Bazaar   | Bought a pair of embroidered gloves for 121 gold pieces
 64394 | Depths:1 | Noticed the Enchantress
 64413 | Depths:1 | Killed the Enchantress
 64430 | Depths:1 | Found a gateway to Hell.
 64876 | Depths:1 | Got a faerie dragon armour
 64898 | Depths:1 | Identified the +2 faerie dragon armour {Dex+3} (You took it off the Enchantress on level 1 of the Depths)
 65564 | Depths:1 | Reached XP level 24. HP: 202/212 MP: 27/27
 65930 | D:5      | Bought the +11 quarterstaff "Kheim" {vamp, rF- rC+ rN+} for 1016 gold pieces
 66283 | Depths:1 | You paid a toll of the quarterstaff "Kheim" to enter a treasure trove
 66284 | Trove    | Entered a treasure trove
 66343 | Trove    | Got a glittering bone ring
 66345 | Trove    | Identified the ring of Ghiqeaf {rC++ Str+1 Int+2 Regen} (You found it in a treasure trove)
 66422 | Depths:2 | Found a gateway to a ziggurat.
 66574 | Depths:2 | Found an ancient bone altar of Kikubaaqudgha.
 66727 | Depths:2 | Found a sparkling altar of Nemelex Xobeh.
 66867 | Depths:2 | Found a one-way gate to the infinite horrors of the Abyss.
 67289 | Depths:2 | Got a heavily runed leather armour
 67304 | Depths:2 | Identified the +1 leather armour "Prant" {Int+3} (You found it on level 2 of the Depths)
 67375 | Depths:2 | Got an encrusted ring mail
 67392 | Depths:2 | Identified the cursed -4 ring mail of Tengaxaj {+Fly rC++ Int+4 Stlth+} (You found it on level 2 of the Depths)
 67752 | Depths:3 | Noticed Saint Roka
 67777 | Depths:3 | Killed Saint Roka
 68681 | Depths:3 | Got a smoking plate armour
 68703 | Depths:3 | Identified the +9 plate armour of Calculation {Dex+1 Int+4} (You found it on level 3 of the Depths)
 68820 | Depths:3 | Gained mutation: You are very frail (-20% HP). [a shining eye]
 68822 | Depths:3 | Gained mutation: You are very weak. (Str -4) [a shining eye]
 68823 | Depths:3 | Reached skill level 24 in Fighting
 68911 | Depths:3 | Found a one-way gate leading to the halls of Pandemonium.
 69913 | Depths:4 | Found an iron altar of Okawaru.
 70013 | Depths:5 | Entered Level 5 of the Depths
 70185 | Depths:5 | Found a gate to the Realm of Zot.
 70342 | Depths:5 | Reached XP level 25. HP: 195/195 MP: 27/27
 70863 | Zot:1    | Entered Level 1 of the Realm of Zot
 70867 | Zot:1    | Noticed Vidiiot's ghost (mighty VSCj)
 70897 | Zot:1    | Killed Vidiiot's ghost
 70997 | Zot:1    | Noticed Sapz's ghost (legendary NaAs)
 71143 | Zot:1    | Killed Sapz's ghost
 71506 | Zot:1    | Noticed an orb of fire
 71511 | Zot:1    | Gained mutation: You have a fast metabolism. [an orb of fire]
 71522 | Zot:1    | Gained mutation: You occasionally shout uncontrollably at your foes. [an orb of fire]
 71529 | Zot:1    | Gained mutation: Your magical capacity is low (-10% MP). [an orb of fire]
 71537 | Zot:1    | Gained mutation: You have very sharp teeth. [an orb of fire]
 71539 | Zot:1    | Gained mutation: You are clumsy. (Dex -2) [an orb of fire]
 71541 | Zot:1    | Lost mutation: You are very frail (-20% HP). [an orb of fire]
 71541 | Zot:1    | Gained mutation: You are very clumsy. (Dex -4) [an orb of fire]
 71545 | Zot:1    | Gained mutation: You are dopey. (Int -2) [an orb of fire]
 71551 | Zot:1    | Gained mutation: You sometimes yell uncontrollably at your foes. [an orb of fire]
 71713 | Zot:1    | Lost mutation: You are very weak. (Str -4) [an orb of fire]
 71716 | Zot:1    | Gained mutation: You have difficulty communicating with the divine. [an orb of fire]
 72157 | Zot:1    | Killed an orb of fire
 72246 | Zot:1    | Noticed an orb of fire
 72295 | Zot:1    | Killed an orb of fire
 72556 | Zot:2    | Noticed an orb of fire
 73892 | Zot:5    | Entered Level 5 of the Realm of Zot
 73920 | Zot:5    | Noticed an orb of fire
 73920 | Zot:5    | Gained mutation: Your body is slowly deteriorating. [an orb of fire]
 73939 | Zot:4    | Killed an orb of fire
 74139 | Zot:5    | Reached XP level 26. HP: 225/230 MP: 25/25
 74172 | Zot:5    | Reached skill level 25 in Fighting
 74220 | Zot:5    | Noticed an ancient lich
 74228 | Zot:5    | Killed an ancient lich
 74431 | Zot:5    | Noticed an orb of fire
 74725 | Zot:5    | Killed an orb of fire
 75214 | Zot:5    | Noticed an ancient lich
 75214 | Zot:5    | Noticed an orb of fire
 75278 | Zot:4    | Killed an orb of fire
 75442 | Zot:5    | Killed an ancient lich
 75774 | Zot:5    | Noticed an orb of fire
 75811 | Zot:5    | Killed an orb of fire
 75863 | Zot:5    | Noticed an orb of fire
 75873 | Zot:5    | Killed an orb of fire
 76003 | Zot:5    | Got the Orb of Zot
 76059 | Zot:5    | Noticed an ancient lich
 76070 | Zot:5    | Killed an ancient lich
 76077 | Zot:5    | Reached XP level 27. HP: 217/240 MP: 25/25
 76170 | Zot:2    | Killed an orb of fire
 76268 | Zot:1    | Noticed Thoityucs the pandemonium lord
 76388 | Depths:2 | Noticed Freath the pandemonium lord
 76623 | D:6      | Noticed Bakis the pandemonium lord
 76771 | D:$      | Escaped with the Orb!

Action                   |  1- 3 |  4- 6 |  7- 9 | 10-12 | 13-15 | 16-18 | 19-21 | 22-24 | 25-27 || total
-------------------------+-------+-------+-------+-------+-------+-------+-------+-------+-------++-------
Melee: War axe           |    74 |   180 |   459 |    34 |       |       |       |       |       ||   747
       Hand axe          |       |       |       |   603 |   895 |       |       |       |       ||  1498
       Broad axe         |       |       |       |       |   611 |   280 |    53 |  2040 |  1271 ||  4255
       Battleaxe         |       |       |       |       |       |   894 |   973 |       |       ||  1867
Invok: Disaster Area     |       |       |       |       |       |       |     1 |    10 |       ||    11
Evoke: Wand              |       |       |       |    14 |    23 |    11 |       |     7 |    13 ||    68
  Use: Scroll            |       |       |    12 |     9 |     8 |    12 |    11 |    16 |     4 ||    72
       Potion            |       |       |       |    14 |     2 |     3 |     9 |    32 |    14 ||    74
 Stab: Fleeing           |       |       |       |       |     2 |       |       |       |       ||     2
       Distracted        |       |       |       |       |       |       |     2 |     1 |       ||     3
